 Dungeon Crawl Stone Soup version 0.14-a0-3329-g86b2fc4 (webtiles) character file.

144 Bloax the Magician (level 3, -2/19 HPs)
             Began as a Deep Elf Fire Elementalist on Mar 16, 2014.
             Slain by Grinder (5 damage)
             ... on Level 3 of the Dungeon.
             The game lasted 00:05:16 (828 turns).

Bloax the Magician (Deep Elf Fire Elementalist)      Turns: 828, Time: 00:05:17

HP  -2/19        AC  3     Str  5      XL: 3   Next: 76%
MP   6/11        EV 10     Int 20      God:
Gold 86          SH  0     Dex 15      Spells:  4 memorised,  0 levels left

rFire  . . .     SeeInvis .     e - -1,+0 dagger (curse)
rCold  . . .     Clarity  .     l - +0 leather armour
rNeg   . . .     Conserve .     (no shield)
rPois  .         rCorr    .     (no helmet)
rElec  .         rRot     .     (no cloak)
SustAb . .       Spirit   .     (no gloves)
rMut   .         Warding  .     (no boots)
Saprov . . .     Stasis   .     (no amulet)
MR     .....                    (no ring)
                                (no ring)

@: not resistant to hostile enchantments, fairly stealthy
A: no striking features
a: no special abilities


You were on level 3 of the Dungeon.
You were not hungry.

You visited 1 branch of the dungeon, and saw 3 of its levels.

You collected 86 gold pieces.


   Skills:
 - Level 2.4 Dodging
 - Level 2.4 Stealth
 + Level 3.7 Spellcasting
 + Level 3.1 Conjurations
 + Level 3.7 Fire Magic


You couldn't memorise any spells.
You knew the following spells:

 Your Spells              Type           Power        Failure   Level  Hunger
a - Flame Tongue          Conj/Fire      ###..        3%          1    None
b - Throw Flame           Conj/Fire      ###...       6%          2    #......
c - Conjure Flame         Conj/Fire      ###.....     12%         3    ###....
d - Inner Flame           Hex/Fire       ##......     21%         3    ###....


Dungeon Overview and Level Annotations

Branches:
Dungeon (3/15)

Altars:
Fedhas
Kikubaaqudgha

Annotations:
D:3 Grinder

Inventory:

Hand weapons
 e - a cursed -1,+0 dagger (weapon)
   (You found it on level 1 of the Dungeon)
 h - a +1,+1 dagger of freezing
   (You took it off a goblin on level 1 of the Dungeon)
Missiles
 j - 19 darts (quivered)
Armour
 i - a +0 ring mail
   (You found it on level 1 of the Dungeon)
 l - a +0 leather armour (worn)
   (You found it on level 2 of the Dungeon)
Comestibles
 c - 2 bread rations
 f - 2 meat rations
Potions
 d - a potion of brilliance {unknown}
 g - a potion of agility
 k - a potion of might {unknown}
 m - a potion of curing
 n - a potion of heal wounds
Books
 b - a book of Flames

   Spells                             Type                      Level
   *Flame Tongue                      Conjuration/Fire             1
   *Throw Flame                       Conjuration/Fire             2
   *Conjure Flame                     Conjuration/Fire             3
   *Inner Flame                       Hexes/Fire                   3
   Sticky Flame                       Conjuration/Fire             4
   Fireball                           Conjuration/Fire             5

#....# #......... #....#
#......... ##....#
#......... .......#
#.........
#.......#######.........
#.....................##
......................#.
.......5...............#.
........@..............#.
.......................#.
......................#.
......................#.
.............%..........
###....................
#...#########........
#... #........ .
#........


You could see Grinder.


Message History

The adder is severely wounded.
The rat bites you but does no damage.
Unknown command.
Casting: Throw Flame
Aiming: Flame Tongue The flame hits the adder.
You kill the adder!
Your Conjurations skill increases to level 3!
The rat closely misses you.
You barely miss the rat.
The rat is moderately wounded.
The rat bites you.
You completely miss the rat.
The rat is moderately wounded.
The rat closely misses you.
You hit the rat.
The rat is heavily wounded.
The rat barely misses you.
You hit the rat.
You kill the rat!
You see here a rat corpse.
A hobgoblin comes into view.
The hobgoblin shouts!
Casting: Flame Tongue
Aiming: Flame Tongue
Aim: a hobgoblin The flame misses the hobgoblin.
Unknown command.
You hit the hobgoblin but do no damage. The hobgoblin hits you.
You hit the hobgoblin.
The hobgoblin is heavily wounded.
The hobgoblin closely misses you.
Casting: Flame Tongue
Aiming: Flame Tongue
Aim: a hobgoblin (heavily wounded)
The flame hits the hobgoblin.
You kill the hobgoblin!
Unknown command.
Read which item? (? for menu, Esc to quit)
As you read the scroll labeled NEVIBY NOFFO, it crumbles to dust.
Forget which spell ([?*] list [ESC] exit)?
Forget which spell ([?*] list [ESC] exit)?
Okay, then.
It was a scroll of amnesia.
Read which item? (? for menu, Esc to quit)
As you read the scroll labeled RINUSHR AVEK, it crumbles to dust.
You feel strangely unstable.
It was a scroll of teleportation.
Your surroundings suddenly seem different.
Grinder comes into view.
Casting: Flame Tongue
Aiming: Throw Flame
Aim: Grinder The puff of flame misses Grinder.
Unknown command.
Unknown command.
Casting: Throw Flame
Aiming: Flame Tongue
Aim: Grinder The flame hits Grinder.
Grinder is moderately wounded.
Unknown command.
Casting: Flame Tongue
Aiming: Flame Tongue
Aim: Grinder (moderately wounded)
The flame hits Grinder.
Grinder is heavily wounded.
Grinder hits you!
* * * LOW HITPOINT WARNING * * *
You writhe in agony.
You die...

Action                   || total
-------------------------++-------
Melee: Dagger            ||    46
Throw: Dart              ||     2
 Cast: Flame Tongue      ||    34
       Throw Flame       ||     2
  Use: Scroll            ||     8
       Potion            ||     2
 Stab: Sleeping          ||     1

Vault maps used:
D:1:      shiori_arrival_oz, supply_closet_lemuel
D:2:      grunt_temple_overflow_growth_and_decay, minmay_bad_closet
D:3:      lemuel_crystal_altar, first_bread, grunt_decor_fettered,
          minmay_crystal_room, hex_medium, kennysheep_generic_room_15,
          uniq_grinder

Notes
Turn   | Place    | Note
--------------------------------------------------------------
     0 | D:1      | Bloax, the Deep Elf Fire Elementalist, began the quest for the Orb.
     0 | D:1      | Reached XP level 1. HP: 10/10 MP: 5/5
    48 | D:1      | HP: 2/10 [goblin (2)]
    85 | D:1      | HP: 2/10 [ball python (1)]
   169 | D:1      | Reached XP level 2. HP: 6/15 MP: 8/8
   188 | D:1      | Learned a level 2 spell: Throw Flame
   292 | D:2      | Reached skill level 2 in Conjurations
   467 | D:2      | Found a blossoming altar of Fedhas.
   468 | D:2      | Found an ancient bone altar of Kikubaaqudgha.
   540 | D:2      | Reached XP level 3. HP: 15/19 MP: 8/11
   546 | D:2      | Learned a level 3 spell: Conjure Flame
   764 | D:3      | Learned a level 3 spell: Inner Flame
   794 | D:3      | Reached skill level 3 in Conjurations
   823 | D:3      | Noticed Grinder
   828 | D:3      | HP: 3/19 [Grinder (9)]
   828 | D:3      | Slain by Grinder

Vanquished Creatures
  4 adders
  A ball python (D:1)
  A giant cockroach (D:1)
  5 goblins
  2 hobgoblins
  2 kobolds (D:2)
  A giant gecko (D:3)
  2 giant newts
  6 rats
24 creatures vanquished.
